 Dungeon Crawl Stone Soup version 0.28-a0-1616-g050a50673c (webtiles) character file.

Game seed: 12825876838936476672

1631 issech the Cudgeller (level 8, -2/79 HPs)
             Began as a Troll Berserker on Jan 22, 2022.
             Was a Priest of Trog.
             Slain by an orc warrior (16 damage)
             ... on level 5 of the Dungeon.
             The game lasted 00:22:10 (5119 turns).

issech the Cudgeller (Troll Berserker)              Turns: 5119, Time: 00:22:11

Health: -2/79      AC:  5    Str: 26    XL:     8   Next: 65%
Magic:  7/7        EV: 11    Int:  3    God:    Trog [***...]
Gold:   218        SH:  0    Dex: 11    Spells: 7/7 levels left

rFire   . . .      SeeInvis .   v - +2 war axe (venom)
rCold   . . .      Faith    .   (no shield)
rNeg    . . .      Spirit   .   b - +1 animal skin
rPois   .          Reflect  .   (helmet restricted)
rElec   .          Harm     .   (no cloak)
rCorr   .          Rampage  .   (gloves unavailable)
Will    .....                   (boots unavailable)
Stlth   +.........              (no amulet)
HPRegen 1.03/turn               (no ring)
MPRegen 0.10/turn               (no ring)

@: no status effects
A: large, unfitting armour, claws 3, regeneration 1, shaggy fur 1, tough skin 1
a: Renounce Religion, Berserk, Trog's Hand


You were on level 5 of the Dungeon.
You worshipped Trog.
Trog was most pleased with you.
You visited 2 branches of the dungeon, and saw 7 of its levels.

You collected 218 gold pieces.

Inventory:

Hand Weapons
 a - a +0 mace
 o - a +0 long sword
 q - a +0 hunting sling
 r - a +1 hand axe of electrocution
 s - a +0 halberd
 u - a +2 vorpal hand axe
 v - a +2 war axe of venom (weapon)
 B - a +0 great mace
 C - the +4 hunting sling of Compulsion {speed, Dex+6}
   (You found it on level 6 of the Dungeon)

   Attacks with this weapon are significantly faster.
   Dex:       It affects your dexterity (+6).
Missiles
 f - 17 poisoned darts
 g - 200 stones (quivered)
 h - 75 arrows
 i - 60 bolts
 n - 2 boomerangs
Armour
 b - a +1 animal skin (worn)
 j - a +3 leather armour
Magical Staves
 t - a staff of air
Jewellery
 A - a ring of flight
Wands
 x - a wand of digging (6)
 D - a wand of acid (9)
Scrolls
 l - 2 scrolls of enchant armour
 y - a scroll of vulnerability {unknown}
Potions
 c - 4 potions of haste
 d - 3 potions of curing
 e - a potion of brilliance {unknown}
 k - a potion of heal wounds
 m - 2 potions of attraction
 p - a potion of mutation {unknown}
 w - 2 potions of ambrosia {unknown}
 z - a potion of cancellation {unknown}


   Skills:
 + Level 4.9 Fighting
 + Level 4.1(5.4) Axes
 + Level 5.8(6.6) Maces & Flails
 + Level 0.4 Throwing
 + Level 5.2 Dodging
 + Level 0.7 Stealth


You had 7 spell levels left.
You didn't know any spells.
Your spell library contained the following spells:

 Spells                   Type           Power      Damage    Failure   Level
 Shock                    Conj/Air       0%         1d3       52%         1
 Ozocubu's Armour         Ice            0%         N/A       88%         3
 Swiftness                Air            0%         N/A       88%         3
 Airstrike                Air            0%         N/A       99%         4
 Metabolic Englaciation   Hex/Ice        0%         N/A       100%        5
 Simulacrum               Ice/Necr       0%         N/A       100%        6


Dungeon Overview and Level Annotations

Branches:
Dungeon (6/15)             Temple (1/1) D:5

Altars:
Ashenzari
Cheibriados
Elyvilon
Gozag
Kikubaaqudgha
Makhleb
Nemelex Xobeh
Qazlal
Ru
Uskayaw
Vehumet
Xom
Yredelemnul
The Shining One

Shops:
D:1 :??


Innate Abilities, Weirdness & Mutations

You are too large for most types of armour.
You have claws for hands.
Your natural rate of healing is unusually fast.
You are covered in fur. (AC +1)
You have tough skin. (AC +1)


Message History

The two-headed ogre is severely wounded.
The two-headed ogre hits you with a +0 giant club!
The two-headed ogre hits you with a +0 great mace!
The two-headed ogre misses you. The two-headed ogre barely misses you.
There is an open door here.
The two-headed ogre looks more healthy.
The two-headed ogre barely misses you.
The two-headed ogre hits you with a +0 great mace!
You slash the two-headed ogre!
You kill the two-headed ogre!
Trog accepts your kill.
Your base Axes skill gained 2 levels and is now at level 4!
Your Dodging skill increases to level 5!
Things that are here:
a +0 giant club; a +0 great mace; a two-headed ogre corpse
Okay, then.
There is an open door here.
There is a stone staircase leading down, spattered with blood here.
You climb downwards.
Something hits you.
Deactivating autopickup; reactivate with Ctrl-A.
The orc warrior closely misses you. Something hits you!
The orc warrior hits you with a +0 mace.
There is a stone staircase leading up, spattered with blood here.
Something hits you.
The orc warrior hits you with a +0 mace!
You climb upwards.
Reactivating autopickup.
There is a stone staircase leading down, spattered with blood here.
You hit the orc warrior.
The orc warrior is poisoned.
The orc warrior is lightly wounded.
The orc warrior hits you with a +0 mace!
You closely miss the orc warrior.
The orc warrior is moderately wounded.
The orc warrior hits you with a +0 mace!
You barely miss the orc warrior. Your claw misses the orc warrior.
The orc warrior is moderately wounded.
The orc warrior hits you with a +0 mace!
* * * LOW HITPOINT WARNING * * *
The orc warrior hits you with a +0 mace!
You die...

###.#########....#
#..........##....#
#.#.######'##....#
#.#.#.......######
#.#.#.......#
#.#.#.......#
#.#.#.......#####
#.#.#...........####
#.#@o...............
#.###...........####
#.# #...........#
#.# #...........#
#.# ########....#
#.# #....# #.#
#....# #.#
#######....# #.#
#.....######


You could see an orc warrior (very poisoned).

Vanquished Creatures
  A two-headed ogre (D:5)
  A hornet zombie (D:5)
  A necrophage (D:5)
  2 ogres (D:5)
  A scorpion (D:5)
  A water moccasin zombie (D:5)
  A wyvern skeleton (D:5)
  2 howler monkeys
  A bullfrog zombie (D:6)
  A bullfrog skeleton (D:5)
  A hound (D:5)
  2 orc priests
  An iguana (D:4)
  4 orc wizards (D:4)
  2 hound skeletons (D:4)
  4 adders
  3 gnolls (D:4)
  A white imp (D:5)
  An adder skeleton (D:4)
  A worm (D:2)
  4 dart slugs
  16 orcs
  7 endoplasms
  5 giant cockroaches
  10 hobgoblins
  3 jackals (D:1)
  4 quokkas
  7 ball pythons
  4 bats
  5 frilled lizards
  7 goblins
  9 kobolds
  3 rats
116 creatures vanquished.

Vanquished Creatures (others)
  2 fungi (D:6)
  A plant (D:4)
3 creatures vanquished.

Grand Total: 119 creatures vanquished

Notes
Turn   | Place    | Note
-------+----------+-------------------------------------------
     0 | D:1      | issech the Troll Berserker began the quest for the Orb.
     0 | D:1      | Reached XP level 1. HP: 22/22 MP: 0/0
    83 | D:1      | Reached XP level 2. HP: 29/29 MP: 1/1
   201 | D:1      | Found Qipetih's Book Shop.
   264 | D:1      | Found Vaithuk's Magic Scroll Shop.
   293 | D:1      | Reached ** piety under Trog
   405 | D:1      | Reached XP level 3. HP: 29/36 MP: 2/2
   741 | D:1      | Found a faded altar of an unknown god.
   829 | D:1      | Found Zicoman's Magic Scroll Shoppe.
  1448 | D:3      | Reached XP level 4. HP: 44/44 MP: 3/3
  1842 | D:3      | Found a snail-covered altar of Cheibriados.
  2237 | D:4      | Reached XP level 5. HP: 38/53 MP: 4/4
  2247 | D:4      | Reached *** piety under Trog
  2815 | D:4      | Found a white marble altar of Elyvilon.
  3302 | D:5      | Entered Level 5 of the Dungeon
  3305 | D:5      | Reached XP level 6. HP: 61/61 MP: 5/5
  3454 | D:5      | Found a staircase to the Ecumenical Temple.
  3476 | D:5      | Reached skill level 5 in Maces & Flails
  3585 | D:5      | Reached XP level 7. HP: 68/68 MP: 6/6
  3648 | D:4      | HP: 2/68 [iguana (10)]
  3874 | D:5      | Reached skill level 1 in Axes
  4312 | D:5      | Reached XP level 8. HP: 76/78 MP: 7/7
  4316 | Temple   | Entered the Ecumenical Temple
  4771 | D:6      | Identified the +4 hunting sling of Compulsion {speed,
                  | Dex+6}
  4912 | D:6      | Noticed a two-headed ogre
  5083 | D:5      | Killed a two-headed ogre
  5084 | D:5      | Reached skill level 5 in Dodging
  5119 | D:5      | Slain by an orc warrior

Illustrated notes

Levels and vault maps discovered:
D:1:      matt_arrival_los_fun, layout_basic, serial_shops, shop,
          nicolae_square_shop, shop_fountains, ebering_ecumenical_altar_rust,
          minmay_unequal
D:2:      layout_basic, hangedman_feature_mirror, serial_park_tiny_1
D:3:      minmay_wonky_spiral, layout_rooms, lemuel_round_altar,
          minmay_misc_feat_diagonals
D:4:      layout_cave_pods, nicolae_elyvilon_temple_path, st_stairs_6
D:5:      layout_basic, minmay_temple_entry_mini_moons
D:6:      minmay_cornered_nines, layout_rooms, serial_aquarium,
          aquarium_bridge_square [aquarium_subvault_bridge,
          aquarium_subvault_window, aquarium_subvault_wall,
          aquarium_subvault_wall], aquarium_window_fake, aquarium_window_1,
          aquarium_window_1, aquarium_window_1, aquarium_view_2e,
          aquarium_view_2d
Temple:   minmay_temple_bridge_abc

Skill      XL: |  1  2  3  4  5  6  7  8 |
---------------+-------------------------+-----
Maces & Flails | 3 4 5 |  5.8
Dodging        | 3 4 5 |  5.2
Fighting       | 3 4 |  4.9
Axes           | 2 4 |  4.1
Throwing       | |  0.4
Stealth        | |  0.7

Action                   |  1- 3 |  4- 6 |  7- 9 || total
-------------------------+-------+-------+-------++-------
Melee: Mace              |   148 |   161 |    53 ||   362
       Punch             |     1 |     1 |       ||     2
       War axe           |       |       |    61 ||    61
       Hand axe          |       |       |    11 ||    11
Throw: Stone             |       |     7 |     4 ||    11
       Dart              |       |     1 |       ||     1
Invok: Berserk           |       |     2 |     1 ||     3
  Use: Scroll            |       |     6 |       ||     6
       Potion            |       |       |     1 ||     1
 Stab: Sleeping          |       |     1 |       ||     1
Armor: Animal skin       |    77 |    72 |    60 ||   209
Dodge: Dodged            |    99 |   103 |    97 ||   299

Table legend: (Time is in decaauts)
 A = Elapsed time spent in this place.
 B = Non-inter-level travel time spent in this place.
 C = Inter-level travel time spent in this place.
 D = Time resting spent in this place.
 E = Time spent auto-exploring this place.
 F = Levels seen in this place.
 G = Mean time per level.
                   A        B        C        D        E       F      G
               +--------+--------+--------+--------+--------+-----+--------+
         Total |   5239 |   5145 |     94 |    269 |   2600 |   7 |  748.4 |
       Dungeon |   5033 |   4939 |     94 |    269 |   2433 |   6 |  838.8 |
        Temple |    205 |    205 |      0 |      0 |    167 |   1 |  205.0 |
               +--------+--------+--------+--------+--------+-----+--------+

Top non-repeatable levels by time:
     D:4: 1357 daAuts
     D:5: 1256 daAuts
     D:1: 912 daAuts
     D:3: 801 daAuts
     D:2: 523 daAuts
  Temple: 205 daAuts
     D:6: 182 daAuts
